cohdb
Replays
Latest Replays
All Replays
Popular Replays
Top Player Replays
Match Explorer
How It Works
Community
CoH3 Stats
Reddit
Sign in to upload your games and track your stats! →
Sign in with Steam
Match 44001954
Unlisted
Match 44001954
Overview
Messages
Build Orders
End
Kradschützen Motorcycle Team
Panzerpioneer Squad
Selects Battlefield Espionage Battlegroup
Panzerpioneer Squad
Panzerpioneer Squad
Construct Light Support Kompanie
Panzerjäger Squad
Panzerpioneer Squad
Selects Intel Disruption Beacon
Construct Mechanized Kompanie
Panzerpioneer Squad
Panzerpioneer Squad
Panzerpioneer Squad
Selects Plunder
Panzerjäger Squad
Construct Panzerarmee Kommand
Panzerpioneer Squad
Armored Reserves
Vehicle Survival Package
Emergency Repair Kits
Barbarossa
wapple925602
Ccoin
MushroomB
CPU - Very Easy
dbswo0927
Grommash
KPO
0
0
Comments
sign in to comment!
No comments posted yet!